 Dungeon Crawl Stone Soup version 0.30-a0-372-g0ce2686038 (webtiles) character file.

Game seed: 15496942520425426654

3696 Engwar the Thaumaturge (level 9, -7/55 HPs)
             Began as a Deep Elf Necromancer on Nov 23, 2022.
             Was an Initiate of Yredelemnul.
             Mangled by a gnoll
             ... wielding a +0 spear
             ... led by a gnoll bouda
              (8 damage)
             ... on level 8 of the Dungeon.
             The game lasted 00:34:55 (9732 turns).

Engwar the Thaumaturge (Deep Elf Necromancer)       Turns: 9732, Time: 00:34:56

Health: -7/55      AC:  7    Str:  7    XL:     9   Next: 90%
Magic:  5/25       EV: 16    Int: 28    God:    Yredelemnul [......]
Gold:   345        SH:  0    Dex: 15    Spells: 6/28 levels left

rFire   . . .      SeeInvis .    f - +4 dagger "Morg" {pain, Will+ Int+5}
rCold   . . .      Faith    .    (no shield)
rNeg    . . .      Spirit   .    a - +0 robe
rPois   .          Reflect  .    (no helmet)
rElec   .          Harm     .    v - scarf {repulsion}
rCorr   .          Rampage  .    z - +0 pair of gloves
Will    +....                    (no boots)
Stlth   ++........               (no amulet)
HPRegen 0.29/turn                g - +4 ring of evasion
MPRegen 0.19/turn                p - +4 ring of protection

@: lethally poisoned (-7 -> -15), repel missiles
A: no striking features
a: Renounce Religion, Recall Undead Harvest


You were on level 8 of the Dungeon.
You worshipped Yredelemnul.
Yredelemnul was noncommittal.
You visited 2 branches of the dungeon, and saw 9 of its levels.
You also visited: Sewer.

You collected 373 gold pieces.
You spent 28 gold pieces at shops.

Inventory:

Hand Weapons
 f - the +4 dagger "Morg" (weapon) {pain, Will+ Int+5}
   (You found it on level 2 of the Dungeon)

   In the hands of one skilled in necromantic magic, it inflicts extra damage on
   living creatures.
   Int:       It affects your intelligence (+5).
   Will:      It increases your willpower.
Missiles
 x - 3 throwing nets
Armour
 a - a +0 robe (worn)
 v - a scarf of repulsion (worn)
 z - a +0 pair of gloves (worn)
Jewellery
 g - a +4 ring of evasion (left hand)
 p - a +4 ring of protection (right hand)
 y - a ring of poison resistance
Wands
 q - a wand of polymorph (14)
 r - a wand of paralysis (18)
 B - a wand of roots (5)
 C - a wand of quicksilver (12)
Scrolls
 h - a scroll of blinking
 n - a scroll of fog
 u - a scroll of magic mapping
 A - a scroll of vulnerability {unknown}
 D - a scroll of identify
Potions
 b - 5 potions of magic
 c - 3 potions of haste
 d - 3 potions of brilliance
 e - 2 potions of curing
 i - 2 potions of invisibility
 j - 3 potions of ambrosia
 k - a potion of attraction
 l - 5 potions of flight
 m - a potion of lignification
 o - a potion of resistance
 s - a potion of might {unknown}
 t - 3 potions of cancellation {unknown}
 w - a potion of berserk rage


   Skills:
 + Level 5.9 Fighting
 - Level 2.4 Dodging
 - Level 2.4 Stealth
 + Level 10.0 Spellcasting
 + Level 6.7 Conjurations
 + Level 10.0 Necromancy
 - Level 1.8 Translocations


You had 6 spell levels left.
You knew the following spells:

 Your Spells              Type           Power      Damage    Failure   Level
a - Necrotise             Necr           100%       1d9       1%          1
b - Blink                 Tloc           48%        N/A       3%          2
c - Vampiric Draining     Necr           63%        2d10      1%          3
d - Slow                  Hex            56%        N/A       4%          1
e - Sandblast             Erth           28%        2d8       4%          1
f - Animate Dead          Necr           63%        N/A       1%          4
g - Magic Dart            Conj           100%       1d8       1%          1
h - Agony                 Necr           63%        N/A       1%          5
i - Dispel Undead         Necr           63%        3d22      1%          4

Your spell library contained the following spells:

 Spells                   Type           Power      Damage    Failure   Level
 Kiss of Death            Conj/Necr      100%       2d13      1%          1
 Momentum Strike          Conj/Tloc      76%        3d10      1%          2
 Searing Ray              Conj           100%       2d8       1%          2
 Stone Arrow              Conj/Erth      64%        3d11      3%          3
 Sting                    Tmut/Pois      56%        1d5       4%          1
 Summon Small Mammal      Summ           56%        N/A       4%          1
 Passwall                 Tmut/Erth      11%        N/A       6%          2
 Poisonous Vapours        Pois/Air       28%        N/A       6%          2
 Lesser Beckoning         Tloc           48%        N/A       6%          3
 Fulminant Prism          Conj/Hex       16%        3d11      10%         4
 Call Canine Familiar     Summ           14%        N/A       12%         3
 Confusing Touch          Hex            14%        N/A       12%         3
 Summon Guardian Golem    Hex/Summ       14%        N/A       12%         3
 Olgreb's Toxic Radiance  Pois           14%        N/A       36%         4


Dungeon Overview and Level Annotations

Branches:
Dungeon (8/15)             Temple (1/1) D:4           Sewer (visited)
   Lair: D:8-11

Altars:
Ashenzari
Cheibriados
Fedhas
Hepliaklqana
Kikubaaqudgha
Makhleb
Nemelex Xobeh
Okawaru
Qazlal
Uskayaw
Vehumet
Wu Jian
Xom
Yredelemnul

Shops:
D:1 (   D:2 *   D:7 (


Message History

* * * LOW HITPOINT WARNING * * *
The killer bee stings you.
* * * LOW HITPOINT WARNING * * *
You are lethally poisoned!
The killer bee poisons you! The killer bee barely misses you.
The gnoll closely misses you.
Casting: Vampiric Draining (safe; 1% risk of failure)
Confirm with . or Enter, or press ? or * to list all spells.
Aiming: Vampiric Draining (safe; 1% risk of failure)
Press: ? - help, Shift-Dir - straight line, f - killer bee
Aim: a killer bee You draw life force from the killer bee.
You feel life coursing into your body.
* * * LOW HITPOINT WARNING * * *
You feel very sick.
The gnoll is no longer moving quickly.
The killer bee stings you.
* * * LOW HITPOINT WARNING * * *
The killer bee barely misses you. The gnoll misses you.
Your orc zombie closely misses the gnoll.
The gnoll closely misses you. The killer bee closely misses you.
The killer bee stings you but does no damage.
Casting: Vampiric Draining (safe; 1% risk of failure)
Confirm with . or Enter, or press ? or * to list all spells.
Aiming: Vampiric Draining (safe; 1% risk of failure)
Press: ? - help, Shift-Dir - straight line, f/p - killer bee
Aim: a killer bee (heavily wounded)
You draw life force from the killer bee!
You kill the killer bee!
You feel life coursing into your body.
The dead are flying!
You feel very sick.
The gnoll is no longer moving quickly.
The killer bee stings you.
* * * LOW HITPOINT WARNING * * *
The gnoll hits you with a +0 club.
* * * LOW HITPOINT WARNING * * *
Your orc zombie hits the gnoll but does no damage.
The killer bee stings you.
* * * LOW HITPOINT WARNING * * *
The gnoll hits you from afar with a +0 spear!
You die...
Your body rises from the dead as a mindless zombie.

#..........#.....#####....
. ##.#.#.#...#.#.#....
...## # #.......#..#....##
.## #
#.#.#.#...#.#.#..##.# #
...................# #
##.#.#.#.#.#.#.#.#.#.#.#
#.#...................#
###.#...............#
#.#.......Z@).....# #
#.......yg......#
########...g.....
######.Z.......
#...#####...... #.<.#
...... #...# #.....
######.###### #####
#...#.?.#...#


You could see a killer bee, 2 gnolls, a friendly killer bee zombie and a
friendly orc zombie.

Vanquished Creatures
  Pikel (D:7)
  A hornet (D:5)
  2 wyverns (D:7)
  A water moccasin (D:6)
  2 orc warriors (D:7)
  2 ice beasts
  A sky beast (D:7)
  2 black bears
  2 centaurs (D:7)
  3 ogres
  A phantom (D:5)
  3 scorpions
  A necrophage (D:6)
  3 wights (D:6)
  3 killer bees (D:8)
  A howler monkey (D:7)
  3 orc priests
  A jelly (D:5)
  2 gnoll boudas
  Crazy Yiuf (D:6)
  5 iguanas
  Natasha (thrice) (D:2)
  5 orc wizards
  A howler monkey zombie (D:2)
  4 gnolls
  3 river rats (Sewer)
  18 adders
  A shadow imp (D:6)
  An ufetubus (D:6)
  An adder zombie (D:2)
  An adder skeleton (D:2)
  2 worms
  4 dart slugs
  16 orcs
  11 ball pythons
  A bat zombie (D:2)
  5 endoplasms
  5 giant cockroaches
  3 goblins
  4 hobgoblins
  5 jackals
  6 kobolds
  5 quokkas
  A ball python zombie (D:2)
  9 bats
  7 frilled lizards
  A quokka skeleton (D:2)
  4 rats
168 creatures vanquished.

Vanquished Creatures (collateral kills)
  A necrophage (D:7)
  An iguana (D:7)
  3 gnolls
  A worm (D:2)
  An endoplasm (Sewer)
  A rat (D:1)
8 creatures vanquished.

Vanquished Creatures (others)
  A wyvern zombie (D:7)
  A water moccasin zombie (D:6)
  A black bear zombie (D:5)
  An ice beast zombie (D:7)
  An ogre zombie (D:6)
  A howler monkey zombie (D:7)
  An adder zombie (D:6)
  3 iguana zombies
  6 orc zombies
  4 gnoll zombies (D:6)
  A quokka zombie (D:4)
  A spectral ufetubus (D:6)
  20 withered plants (D:2)
42 creatures vanquished.

Grand Total: 218 creatures vanquished

Notes
Turn   | Place    | Note
-------+----------+-------------------------------------------
     0 | D:1      | Engwar the Deep Elf Necromancer began the quest for the
                  | Orb.
     0 | D:1      | Reached XP level 1. HP: 10/10 MP: 6/6
   268 | D:1      | Reached skill level 5 in Necromancy
   283 | D:1      | Reached XP level 2. HP: 16/16 MP: 6/8
   308 | D:1      | Learned a level 2 spell: Blink
   397 | D:1      | Reached skill level 1 in Fighting
   593 | D:1      | Found a faded altar of an unknown god.
   652 | D:1      | Reached XP level 3. HP: 20/20 MP: 8/10
   669 | D:1      | Found Isopol's Weapon Emporium.
  1054 | D:2      | Learned a level 3 spell: Vampiric Draining
  1731 | D:2      | Reached XP level 4. HP: 25/25 MP: 10/12
  1853 | D:2      | Noticed Natasha
  1872 | D:2      | Killed Natasha
  2030 | D:2      | Learned a level 1 spell: Slow
  2035 | D:2      | Noticed Natasha
  2041 | D:2      | Killed Natasha
  2101 | D:2      | Learned a level 1 spell: Sandblast
  2106 | D:2      | Learned a level 4 spell: Animate Dead
  2133 | D:2      | Found Qowupn's General Store.
  2142 | D:2      | Bought a scroll of identify for 28 gold pieces
  2160 | D:2      | Reached XP level 5. HP: 29/30 MP: 9/14
  2197 | D:2      | Noticed Natasha
  2206 | D:2      | Killed Natasha
  2542 | D:2      | Found the +4 dagger "Morg" {pain, Will+ Int+5}
  2576 | D:3      | Reached skill level 5 in Spellcasting
  2759 | D:3      | Learned a level 1 spell: Magic Dart
  2976 | D:3      | Reached skill level 1 in Translocations
  2976 | D:3      | Reached XP level 6. HP: 34/36 MP: 4/16
  3081 | D:3      | Found a glowing drain.
  3135 | Sewer    | Entered a sewer
  4519 | D:4      | Found a staircase to the Ecumenical Temple.
  4526 | Temple   | Entered the Ecumenical Temple
  4558 | Temple   | Became a worshipper of Yredelemnul the Dark
  4607 | D:4      | Found a burning altar of Makhleb.
  4607 | D:4      | Found an ancient bone altar of Kikubaaqudgha.
  5001 | D:4      | Reached skill level 1 in Conjurations
  5001 | D:4      | Reached XP level 7. HP: 41/41 MP: 10/18
  5009 | D:4      | Reached * piety under Yredelemnul
  5462 | D:5      | Entered Level 5 of the Dungeon
  5567 | D:5      | Learned a level 5 spell: Agony
  6230 | D:5      | Noticed a hornet
  6384 | D:5      | Paralysed by a hornet for 2 turns
  6391 | D:5      | Killed a hornet
  6392 | D:5      | Reached XP level 8. HP: 42/48 MP: 3/20
  6661 | D:6      | Found a sparkling altar of Nemelex Xobeh.
  6831 | D:6      | Identified the +1 war axe of Bicilisk {venom, +Blink rElec
                  | rC+ Will+}
  7136 | D:6      | Learned a level 4 spell: Dispel Undead
  7738 | D:6      | Reached skill level 5 in Conjurations
  7746 | D:6      | Reached XP level 9. HP: 53/53 MP: 15/23
  7854 | D:6      | Found a runed translucent door.
  7855 | D:6      | Noticed Crazy Yiuf
  7863 | D:6      | Killed Crazy Yiuf
  7954 | D:7      | Reached skill level 5 in Fighting
  7965 | D:7      | HP: 1/54 [orc warrior/+0 long sword (16)]
  8785 | D:7      | Noticed Pikel
  8805 | D:7      | Killed Pikel
  8955 | D:7      | Found Saca Ube's Antique Weapon Shop.
  9574 | D:8      | Reached skill level 10 in Spellcasting
  9574 | D:8      | Reached skill level 10 in Necromancy
  9732 | D:8      | HP: 2/55 [gnoll/+0 club[a gnoll bouda] (6)]
  9732 | D:8      | Mangled by a gnoll

Illustrated notes

Levels and vault maps discovered:
D:1:      dpeg_arrival_solitude, layout_basic, ebering_ecumenical_altar_webs,
          serial_shops, nicolae_diamond_shop
D:2:      layout_basic, serial_shops, nicolae_lakefront_shop,
          dilly_guarded_unrand_morg
D:3:      layout_basic, cheibrodos_sewer_entry_drain, minmay_misc_feat_five,
          solitary_fountain
D:4:      layout_basic, mainiacjoe_overflow_divided_tiny,
          minmay_temple_entry_fiery
D:5:      layout_basic
D:6:      nicolae_cairo_tiling, layout_basic,
          mainiacjoe_overflow_concentric_impassable, corexii_checkpoint_a,
          uniq_crazy_yiuf_cottage
D:7:      minmay_skewed_foursquare, layout_basic, serial_shops, shop, uniq_pikel
D:8:      layout_basic, nicolae_shop_i_like_big_books, hangedman_decor_riveting,
          nicolae_elevator_lobby_plus
Temple:   nicolae_temple_bog_church

Skill      XL: |  1  2  3  4  5  6  7  8  9 |
---------------+----------------------------+-----
Necromancy     | 5 6 7 8 10 | 10.0
Fighting       | 1 2 3 4 5 |  5.9
Spellcasting   | 4 5 6 7 8 10 | 10.0
Translocations | 1 |  1.8
Conjurations   | 1 3 5 6 |  6.7
Dodging        | |  2.4
Stealth        | |  2.4

Action                   |  1- 3 |  4- 6 |  7- 9 || total
-------------------------+-------+-------+-------++-------
Melee: Spear             |     2 |    29 |       ||    31
       Dagger            |       |    13 |   122 ||   135
       Punch             |       |     1 |       ||     1
 Cast: Necrotise         |    46 |    96 |    93 ||   235
       Vampiric Draining |     2 |     6 |    21 ||    29
       Sandblast         |       |    19 |       ||    19
       Slow              |       |     6 |     4 ||    10
       Blink             |       |     1 |       ||     1
       Magic Dart        |       |    36 |     9 ||    45
       Agony             |       |       |    20 ||    20
       Dispel Undead     |       |       |     5 ||     5
  Use: Scroll            |       |    11 |     5 ||    16
       Potion            |       |       |     1 ||     1
 Stab: Distracted        |       |     1 |       ||     1
       Sleeping          |       |       |     1 ||     1
Armor: Robe              |       |    15 |    48 ||    63
Dodge: Dodged            |     2 |    90 |   176 ||   268

Table legend: (Time is in decaauts)
 A = Elapsed time spent in this place.
 B = Non-inter-level travel time spent in this place.
 C = Inter-level travel time spent in this place.
 D = Time resting spent in this place.
 E = Time spent auto-exploring this place.
 F = Levels seen in this place.
 G = Mean time per level.
                   A        B        C        D        E       F      G
               +--------+--------+--------+--------+--------+-----+--------+
         Total |   9901 |   9620 |    281 |    562 |   7164 |  10 |  990.1 |
       Dungeon |   8722 |   8463 |    259 |    447 |   6344 |   8 | 1090.2 |
        Temple |     57 |     35 |     22 |      0 |      0 |   1 |   57.0 |
         Sewer |   1121 |   1121 |      0 |    115 |    819 |   1 | 1121.0 |
               +--------+--------+--------+--------+--------+-----+--------+

Top non-repeatable levels by time:
     D:2: 1509 daAuts
     D:7: 1488 daAuts
     D:6: 1270 daAuts
     D:5: 1174 daAuts
   Sewer: 1121 daAuts
     D:1: 1115 daAuts
     D:4: 1070 daAuts
     D:3: 755 daAuts
     D:8: 337 daAuts
  Temple: 57 daAuts
